Map: Cyber Forest LE

Players

Lambo

  • Race: Zerg Zerg
  • League: Master
  • Spawn Location: 11:00

PtitDrogo - Winner!

  • Race: Protoss Protoss
  • League: Master
  • Spawn Location: 5:00

Event: QLASH StarCraft II Invitational 2 Offline Finals

VOD

Have the link to the VOD?

Description

Time

  • Played on: July 27, 2019, 10:02 a.m.
  • Length: 9:28

All games in this series

Show
View Real Time Build Order
Export as new Build Order

Lambo Zerg 

Build Orders: Hatch First 

Get SALT Encoding   

  12  0:01  Drone  
  13  0:13  Overlord  
  13  0:17  Drone  
  14  0:31  Drone x2  
  16  0:38  Drone  
  17  0:52  Hatchery  
  17  0:55  Drone  
  17  0:58  Drone  
  18  1:09  Extractor  
  17  1:15  Spawning Pool  
  17  1:16  Drone  
  17  1:20  Drone  
  18  1:30  Drone  
  19  1:42  Drone  
  20  1:57  Overlord  
  20  2:01  Queen  
  20  2:04  Queen  
  20  2:05  Zergling x2  
  20  2:06  Zergling x2  
  26  2:13  Metabolic Boost  
  26  2:15  Drone  
  27  2:19  Drone  
  28  2:30  Drone  
  28  2:31  Drone  
  30  2:41  Hatchery  
  30  2:42  Drone  
  30  2:48  Drone  
  30  2:50  Drone  
  30  2:51  Overlord  
  31  2:58  Queen  
  31  3:01  Zergling x2  
  34  3:07  Drone  
  34  3:10  Drone  
  36  3:14  Drone  
  36  3:16  Drone  
  36  3:19  Spore Crawler  
  38  3:21  Drone x2  
  38  3:22  Drone x2  
  38  3:24  Drone  
  43  3:32  Overlord  
  43  3:36  Roach Warren  
  43  3:37  Lair  
  42  3:49  Drone  
  42  3:52  Drone x7  
  42  3:55  Drone, Extractor  
  50  4:00  Zergling x2  
  51  4:06  Overlord  
  51  4:07  Drone x2  
  53  4:22  Roach x2, Extractor  
  53  4:23  Overlord  
  56  4:26  Roach x3  
  56  4:27  Zergling x6  
  65  4:37  Overseer  
  65  4:38  Overlord  
  65  4:43  Drone x3  
  65  4:45  Queen  
  68  4:46  Queen  
  68  4:47  Drone  
  68  4:51  Overlord  
  73  4:55  Overlord  
  73  4:56  Drone x4  
  73  4:59  Overlord  
  77  5:04  Overlord  
  77  5:09  Drone x5  
  78  5:18  Drone x4  
  78  5:21  Drone  
  80  5:26  Drone x2  
  80  5:27  Drone  
  83  5:31  Drone  
  83  5:33  Drone x2  
  86  5:38  Drone  
  86  5:40  Drone  
  86  5:43  Extractor x2  
  86  5:44  Glial Reconstitution, Evolution Chamber  
  86  5:45  Drone  
  83  5:51  Roach x2  
  83  5:55  Hatchery  
  83  5:56  Roach x3  
  92  5:59  Overlord  
  92  6:03  Roach x3  
  98  6:05  Overlord  
  98  6:07  Roach x2  
  98  6:10  Overlord  
  102  6:14  Overseer  
  98  6:20  Drone x4, Queen  
  98  6:25  Drone  
  99  6:29  Drone  
  99  6:30  Drone x2  
  91  6:40  Roach x4  
  98  6:48  Drone x3  
  98  6:53  Drone x3  
  99  6:57  Drone  
  99  6:59  Drone  
  99  7:04  Drone x3  
  102  7:15  Queen  
  102  7:18  Zerg Missile Weapons Level 1  
  102  7:20  Drone x3  
  102  7:21  Baneling Nest  
  106  7:23  Ravager x2  
  106  7:26  Drone x2  
  106  7:27  Drone x2  
  106  7:29  Drone  
  113  7:30  Drone  
  113  7:32  Roach  
  113  7:35  Ravager x3  
  119  7:38  Drone x2  
  119  7:40  Roach x2  
  129  7:44  Roach x2  
  129  7:46  Drone  
  129  7:47  Drone  
  135  7:51  Roach x2  
  135  7:56  Overlord  
  135  8:02  Overlord  
  135  8:11  Overlord x2  
  135  8:14  Ravager  
  135  8:17  Roach  
  135  8:18  Roach x3, Overlord  
  135  8:19  Overlord  
  144  8:22  Roach  
  144  8:23  Roach x3  
  144  8:27  Overlord x3  
  152  8:30  Ravager  
  152  8:31  Roach x4  
  152  8:33  Roach  
  163  8:38  Roach  
  163  8:39  Roach x2  
  169  8:47  Roach x6  
  170  8:54  Roach x4  
  162  8:56  Overseer  
  162  8:58  Roach x2  
  148  9:03  Roach  
  148  9:08  Roach x3  
Show
View Real Time Build Order
Export as new Build Order

PtitDrogo Protoss - Winner!

Build Orders: 1 Gate Expand, Archon Immortal, Archon Drop, Dark Templar Rush 

Get SALT Encoding   

  12  0:00  Probe  
  13  0:13  Probe  
  14  0:19  Pylon  
  14  0:25  Probe  
  15  0:33  Probe  
  15  0:40  Gateway  
  15  0:41  Probe  
  16  0:49  Assimilator  
  17  0:51  Probe  
  18  1:03  Probe  
  19  1:16  Probe  
  20  1:25  Nexus  
  20  1:34  Cybernetics Core  
  20  1:40  Probe  
  20  1:44  Assimilator  
  21  1:52  Probe  
  21  1:53  Pylon  
  22  2:01  Adept  
  22  2:04  Probe  
  25  2:16  Probe  
  25  2:18  Twilight Council  
  26  2:24  Warp Gate  
  26  2:28  Probe  
  27  2:31  Stalker  
  27  2:35  Probe  
  27  2:36  Probe  
  29  2:43  Probe  
  31  2:44  Probe  
  33  2:53  Probe  
  33  2:54  Robotics Facility  
  33  2:55  Probe  
  35  3:05  Probe  
  36  3:08  Probe  
  37  3:17  Probe, Dark Shrine  
  38  3:20  Probe  
  38  3:23  Gateway  
  39  3:30  Probe  
  39  3:31  Warp Prism  
  40  3:37  Gateway  
  40  3:38  Gateway  
  42  3:43  Probe  
  42  3:45  Probe  
  42  3:48  Assimilator  
  44  3:51  Assimilator  
  44  3:54  Pylon  
  44  3:56  Probe  
  44  3:57  Probe  
  46  4:03  Pylon  
  46  4:12  Probe x2  
  46  4:13  Adept  
  50  4:24  Probe x2  
  52  4:33  Dark Templar x3  
  52  4:35  Dark Templar  
  52  4:38  Archon  
  60  4:39  Pylon  
  60  4:42  Pylon  
  60  4:44  Observer, Archon  
  61  4:48  Probe  
  62  4:54  Nexus  
  62  4:57  Probe  
  63  5:12  Immortal  
  63  5:23  Probe x2  
  63  5:25  Forge  
  63  5:26  Sentry x2, Pylon  
  63  5:28  Zealot x2  
  77  5:35  Probe x2  
  76  5:47  Probe x2  
  76  5:49  Dark Templar  
  80  5:51  Dark Templar  
  80  5:54  Protoss Ground Weapons Level 1  
  82  5:58  Charge  
  82  5:59  Probe x2  
  82  6:02  Immortal  
  84  6:08  Probe  
  85  6:11  Probe x2  
  91  6:20  Probe  
  91  6:23  Probe x2  
  91  6:24  Zealot x3  
  98  6:32  Immortal  
  97  6:33  Probe  
  97  6:35  Probe x2  
  93  6:45  Probe  
  98  6:47  Gateway  
  98  6:48  Gateway, Probe  
  97  6:57  Templar Archives  
  97  7:01  Gateway, Probe x3  
  100  7:05  Gateway  
  100  7:10  Pylon  
  100  7:11  Pylon  
  100  7:13  Assimilator  
  100  7:16  Assimilator  
  100  7:17  Immortal  
  100  7:20  Pylon  
  104  7:30  Probe  
  104  7:31  Probe  
  104  7:32  Probe  
  107  7:37  Pylon  
  107  7:38  Pylon  
  107  7:40  High Templar x4  
  107  7:41  Photon Cannon  
  107  7:43  Probe  
  116  7:45  Archon x2  
  116  7:49  Pylon  
  116  7:52  Pylon  
  116  7:53  Pylon  
  116  7:58  Zealot  
  116  7:59  Zealot x3  
  124  8:15  Dark Templar, High Templar  
  124  8:16  High Templar, Zealot  
  124  8:19  Pylon  
  132  8:20  Archon  
  132  8:21  Zealot x3  
  132  8:22  Zealot  
  132  8:23  Immortal  
  144  8:29  Pylon  
  144  8:38  Dark Templar  
  144  8:45  Zealot x3  
  145  8:53  Probe  
  145  8:55  Zealot x4  
  150  8:57  Probe  
  139  9:07  Zealot x3  
  129  9:11  Zealot  
  119  9:20  Zealot x4  
Tags
 
Add a new tag
Caveats
  • Supply blocks, unpowered buildings, or Contaminate may cause inaccurate times.
  • Supply counts are checked every 10 seconds.